TOP OF THE 1ST |
State College Spikes batting - Pitching for Montgomery Grey Sox : LHP Pete Shirley
|
Pitching: LHP Pete Shirley
|
|
Batting: LHB William Mitchell
|
0-0: Called Strike 0-1: Ball 1-1: Ball 2-1: Ball 3-1: Called Strike 3-2: Fly out, F9 (Flyball, 9S)
|
Batting: LHB Ángel Figueiedo
|
0-0: Swinging Strike 0-1: Called Strike 0-2: Foul Ball, location: 2F 0-2: Ball 1-2: Ground out U3 (Groundball, 3L)
|
Batting: RHB Iván Romero
|
0-0: Ball 1-0: Called Strike 1-1: Ground out 5-3 (Groundball, 56)
|
Top of the 1st over - 0 runs, 0 hits, 0 errors, 0 left on base; State College 0 - Montgomery 0 |
BOTTOM OF THE 1ST |
Montgomery Grey Sox batting - Pitching for State College Spikes : RHP Millard Ford
|
Pitching: RHP Millard Ford
|
|
Batting: RHB Norman Hopkins
|
0-0: Called Strike 0-1: Called Strike 0-2: Foul Ball, location: 2F 0-2: Ball 1-2: Ball 2-2: Strikes out swinging
|
Batting: LHB Marcos Féliz
|
0-0: Ball 1-0: Ground out 1-3 (Groundball, 15)
|
Batting: RHB Marvin Kidd
|
0-0: Foul Ball, location: 2F 0-1: Ball 1-1: Called Strike 1-2: Foul Ball, location: 2F 1-2: Ball 2-2: Foul Ball, location: 2F 2-2: SINGLE (Groundball, 5) (infield hit)
|
Batting: RHB Pedro Castro
|
0-0: Called Strike 0-1: Called Strike 0-2: Ball 1-2: Foul Ball, location: 2F 1-2: Fly out, F7 (Line Drive, 7LD)
|
Bottom of the 1st over - 0 runs, 1 hit, 0 errors, 1 left on base; State College 0 - Montgomery 0 |
TOP OF THE 2ND |
State College Spikes batting - Pitching for Montgomery Grey Sox : LHP Pete Shirley
|
Batting: SHB Patrizio Batistuta
|
0-0: Ball 1-0: Ground out U3 (Groundball, 34S)
|
Batting: LHB Javier Morales
|
0-0: Foul Ball, location: 2F 0-1: Ball 1-1: Ball 2-1: Called Strike 2-2: Foul Ball, location: 2F 2-2: Ball 3-2: Base on Balls
|
Batting: RHB Victor Gilbert
|
0-0: Called Strike 0-1: Foul Ball, location: 2F 0-2: Strikes out swinging
|
Batting: RHB Jorge Molina
|
0-0: Ball 1-0: Ball 2-0: Ground out 4-3 (Groundball, 4)
|
Top of the 2nd over - 0 runs, 0 hits, 0 errors, 1 left on base; State College 0 - Montgomery 0 |
BOTTOM OF THE 2ND |
Montgomery Grey Sox batting - Pitching for State College Spikes : RHP Millard Ford
|
Batting: RHB Andrew Lewis
|
0-0: Ball 1-0: Foul Ball, location: 2F 1-1: Fly out, F6 (Line Drive, 6)
|
Batting: RHB Jorge Guzmán
|
0-0: Fly out, F7 (Flyball, 7)
|
Batting: RHB António Nevárez
|
0-0: Ball 1-0: DOUBLE (Line Drive, 3D)
|
Batting: RHB Joe LaFontaine
|
0-0: Ball 1-0: Swinging Strike 1-1: Ball 2-1: Called Strike 2-2: Strikes out looking
|
Bottom of the 2nd over - 0 runs, 1 hit, 0 errors, 1 left on base; State College 0 - Montgomery 0 |
TOP OF THE 3RD |
State College Spikes batting - Pitching for Montgomery Grey Sox : LHP Pete Shirley
|
Batting: RHB Héctor Villarreal
|
0-0: Foul Ball, location: 2F 0-1: Called Strike 0-2: Hit by Pitch
|
Batting: RHB Gustavo Martínez
|
0-0: Swinging Strike 0-1: Fly out, F6 (Popup, 6)
|
Batting: LHB William Mitchell
|
0-0: Swinging Strike 0-1: Foul Ball, location: 2F 0-2: Strikes out swinging
|
Batting: LHB Ángel Figueiedo
|
0-0: Called Strike 0-1: Ball 1-1: Foul Ball, location: 2F 1-2: Ball 2-2: Ground out 6-3 (Groundball, 56)
|
Top of the 3rd over - 0 runs, 0 hits, 0 errors, 1 left on base; State College 0 - Montgomery 0 |
BOTTOM OF THE 3RD |
Montgomery Grey Sox batting - Pitching for State College Spikes : RHP Millard Ford
|
Batting: RHB Arturo Camacho
|
0-0: Fly out, F4 (Popup, 4S)
|
Batting: RHB Norman Hopkins
|
0-0: Called Strike 0-1: Foul Ball, location: 2F 0-2: Ground out 4-3 (Groundball, 34)
|
Batting: LHB Marcos Féliz
|
0-0: Ball 1-0: Ground out 4-3 (Groundball, 4S)
|
Bottom of the 3rd over - 0 runs, 0 hits, 0 errors, 0 left on base; State College 0 - Montgomery 0 |
TOP OF THE 4TH |
State College Spikes batting - Pitching for Montgomery Grey Sox : LHP Pete Shirley
|
Batting: RHB Iván Romero
|
0-0: Ground out 4-3 (Groundball, 4)
|
Batting: SHB Patrizio Batistuta
|
0-0: Called Strike 0-1: Ball 1-1: Ball 2-1: Ball 3-1: Foul Ball, location: 2F 3-2: Strikes out looking
|
Batting: LHB Javier Morales
|
0-0: Ball 1-0: Ball 2-0: Foul Ball, location: 2F 2-1: Ball 3-1: Foul Ball, location: 2F 3-2: Strikes out swinging
|
Top of the 4th over - 0 runs, 0 hits, 0 errors, 0 left on base; State College 0 - Montgomery 0 |
BOTTOM OF THE 4TH |
Montgomery Grey Sox batting - Pitching for State College Spikes : RHP Millard Ford
|
Batting: RHB Marvin Kidd
|
0-0: Ball 1-0: Called Strike 1-1: Foul Ball, location: 2F 1-2: Foul Ball, location: 2F 1-2: Foul Ball, location: 2F 1-2: Ground out 5-3 (Groundball, 5)
|
Batting: RHB Pedro Castro
|
0-0: Swinging Strike 0-1: Foul Ball, location: 2F 0-2: Foul Ball, location: 2F 0-2: Foul Ball, location: 2F 0-2: Fly out, F5 (Popup, 5SF)
|
Batting: RHB Andrew Lewis
|
0-0: Ball 1-0: Foul Ball, location: 2F 1-1: Called Strike 1-2: Strikes out swinging
|
Bottom of the 4th over - 0 runs, 0 hits, 0 errors, 0 left on base; State College 0 - Montgomery 0 |
TOP OF THE 5TH |
State College Spikes batting - Pitching for Montgomery Grey Sox : LHP Pete Shirley
|
Batting: RHB Victor Gilbert
|
0-0: Fly out, F3 (Popup, 3S)
|
Batting: RHB Jorge Molina
|
0-0: Called Strike 0-1: Swinging Strike 0-2: Ball 1-2: Foul Ball, location: 2F 1-2: Ball 2-2: Strikes out looking
|
Batting: RHB Héctor Villarreal
|
0-0: Ball 1-0: Ball 2-0: Swinging Strike 2-1: Foul Ball, location: 2F 2-2: Ball 3-2: Fly out, F9 (Line Drive, 9S)
|
Top of the 5th over - 0 runs, 0 hits, 0 errors, 0 left on base; State College 0 - Montgomery 0 |
BOTTOM OF THE 5TH |
Montgomery Grey Sox batting - Pitching for State College Spikes : RHP Millard Ford
|
Batting: RHB Jorge Guzmán
|
0-0: Ball 1-0: Swinging Strike 1-1: Ball 2-1: Foul Ball, location: 2F 2-2: Ground out 5-3 (Groundball, 56)
|
Batting: RHB António Nevárez
|
0-0: Ball 1-0: Ball 2-0: Swinging Strike 2-1: Ball 3-1: SINGLE (Groundball, 15S) (infield hit)
|
Batting: RHB Joe LaFontaine
|
0-0: Ball 1-0: Ball 2-0: SINGLE (Groundball, 6MD) António Nevárez to second
|
Batting: RHB Arturo Camacho
|
0-0: Ball 1-0: Fielders Choice at 2nd, 4-6 (Groundball, 4) António Nevárez to third
|
Batting: RHB Norman Hopkins
|
0-0: Ball 1-0: Ball 2-0: Called Strike 2-1: Ball 3-1: Base on Balls Arturo Camacho to second
|
Batting: LHB Marcos Féliz
|
0-0: Ball 1-0: Ball 2-0: Ground out 6-3 (Groundball, 6M)
|
Bottom of the 5th over - 0 runs, 2 hits, 0 errors, 3 left on base; State College 0 - Montgomery 0 |
TOP OF THE 6TH |
State College Spikes batting - Pitching for Montgomery Grey Sox : LHP Pete Shirley
|
Batting: RHB Gustavo Martínez
|
0-0: Foul Ball, location: 2F 0-1: Swinging Strike 0-2: Ball 1-2: Ball 2-2: Ball 3-2: Strikes out looking
|
Batting: LHB William Mitchell
|
0-0: Called Strike 0-1: Ground out U3 (Groundball, 3)
|
Batting: LHB Ángel Figueiedo
|
0-0: Called Strike 0-1: Called Strike 0-2: Strikes out swinging, 2-3 out at first.
|
Top of the 6th over - 0 runs, 0 hits, 0 errors, 0 left on base; State College 0 - Montgomery 0 |
BOTTOM OF THE 6TH |
Montgomery Grey Sox batting - Pitching for State College Spikes : RHP Millard Ford
|
Batting: RHB Marvin Kidd
|
0-0: Ball 1-0: Swinging Strike 1-1: Foul Ball, location: 2F 1-2: Fly out, F4 (Flyball, 34D)
|
Batting: RHB Pedro Castro
|
0-0: Ball 1-0: Foul Ball, location: 2F 1-1: Ball 2-1: Fly out, F9 (Flyball, 9)
|
Batting: RHB Andrew Lewis
|
0-0: Ball 1-0: Ball 2-0: SINGLE (Groundball, 6M) (infield hit)
|
Pinch Runner at 1st Julius Farmer:
|
|
Batting: RHB Jorge Guzmán
|
0-0: Ball 1-0: SINGLE (Flyball, 7LM) Julius Farmer to second Runner from 2nd tries for 3rd, SAFE, no throw
|
Batting: RHB António Nevárez
|
0-0: Ball 1-0: Ball 2-0: Called Strike 2-1: Foul Ball, location: 2F 2-2: Fly out, F9 (Line Drive, 9)
|
Bottom of the 6th over - 0 runs, 2 hits, 0 errors, 2 left on base; State College 0 - Montgomery 0 |
TOP OF THE 7TH |
State College Spikes batting - Pitching for Montgomery Grey Sox : LHP Pete Shirley
|
Now at 1B: José Parra
|
|
Batting: RHB Iván Romero
|
0-0: Called Strike 0-1: Swinging Strike 0-2: Foul Ball, location: 2F 0-2: Hit by Pitch
|
Batting: SHB Patrizio Batistuta
|
0-0: SINGLE (Line Drive, 6MD) Iván Romero to second
|
Batting: LHB Javier Morales
|
Balk! Iván Romero to third Patrizio Batistuta to second 0-0: Foul Ball, location: 2F 0-1: Ball 1-1: Swinging Strike 1-2: Ball 2-2: Foul Ball, location: 2F 2-2: Ball 3-2: Base on Balls
|
Pinch Hitting: RHB Daniel Martínez
|
0-0: Called Strike 0-1: Ball 1-1: Ball 2-1: SINGLE (Flyball, 9LS) Iván Romero scores Patrizio Batistuta to third Javier Morales to second
|
Pitching: RHP Calvin Bickly
|
|
Batting: RHB Jorge Molina
|
0-0: Ball 1-0: Grounds into fielders choice 1-2 (Groundball, 13S) Javier Morales to third Daniel Martínez to second
|
Batting: RHB Héctor Villarreal
|
0-0: Ball 1-0: Swinging Strike 1-1: Ball 2-1: DOUBLE (Line Drive, 7LM) Javier Morales scores Daniel Martínez scores Jorge Molina to third
|
Batting: RHB Gustavo Martínez
|
0-0: Called Strike 0-1: Ball 1-1: SINGLE (Groundball, 4M) (infield hit) Jorge Molina scores Héctor Villarreal to third
|
Pitching: LHP Guillermo Solano
|
|
Batting: LHB William Mitchell
|
0-0: Ball 1-0: Called Strike 1-1: Swinging Strike 1-2: Ball 2-2: Foul Ball, location: 2F 2-2: Ball Gustavo Martínez is caught stealing 2nd base 3-2: Foul Ball, location: 2F 3-2: Strikes out swinging
|
Top of the 7th over - 4 runs, 4 hits, 0 errors, 1 left on base; State College 4 - Montgomery 0 |
BOTTOM OF THE 7TH |
Montgomery Grey Sox batting - Pitching for State College Spikes : RHP Millard Ford
|
Now at 1B: Daniel Martínez
|
|
Batting: RHB Joe LaFontaine
|
0-0: Ball 1-0: Ball 2-0: Ground out 5-3 (Groundball, 56S)
|
Batting: RHB Arturo Camacho
|
0-0: Ball 1-0: Called Strike 1-1: Ball 2-1: SINGLE (Line Drive, 8LS)
|
Pitching: LHP Joe Jewell
|
|
Batting: RHB Norman Hopkins
|
0-0: Called Strike 0-1: Ball 1-1: Ball 2-1: Called Strike 2-2: Ball 3-2: Grounds into double play, 6-4-3 (Groundball, 6)
|
Bottom of the 7th over - 0 runs, 1 hit, 0 errors, 0 left on base; State College 4 - Montgomery 0 |
TOP OF THE 8TH |
State College Spikes batting - Pitching for Montgomery Grey Sox : LHP Guillermo Solano
|
Batting: LHB Ángel Figueiedo
|
0-0: Ground out 3-1 (Groundball, 34S)
|
Pitching: LHP Alberto Macías
|
|
Batting: RHB Iván Romero
|
0-0: Called Strike 0-1: Ball 1-1: Ball 2-1: SINGLE (Line Drive, 9S)
|
Batting: SHB Patrizio Batistuta
|
0-0: Called Strike 0-1: Ball 1-1: Foul Ball, location: 2F 1-2: Ball 2-2: Grounds into double play, 6-4-3 (Groundball, 6)
|
Top of the 8th over - 0 runs, 1 hit, 0 errors, 0 left on base; State College 4 - Montgomery 0 |
BOTTOM OF THE 8TH |
Montgomery Grey Sox batting - Pitching for State College Spikes : LHP Joe Jewell
|
Batting: LHB Marcos Féliz
|
0-0: Called Strike 0-1: Ball 1-1: SINGLE (Line Drive, 7S)
|
Batting: RHB Marvin Kidd
|
0-0: Called Strike 0-1: Foul Ball, location: 2F 0-2: SINGLE (Line Drive, 78S) Marcos Féliz to second
|
Batting: RHB Pedro Castro
|
0-0: Fly out, F7 (Flyball, 7LD)
|
Batting: LHB José Parra
|
0-0: Foul Ball, location: 2F 0-1: Ball 1-1: Ball 2-1: Swinging Strike 2-2: Foul Ball, location: 2F 2-2: Foul Ball, location: 2F 2-2: Fielders Choice at 2nd, 5-4 (Groundball, 56) Marcos Féliz to third
|
Batting: RHB Jorge Guzmán
|
0-0: Ball 1-0: Called Strike 1-1: Fielders Choice at 2nd, 5-4 (Groundball, 56)
|
Bottom of the 8th over - 0 runs, 2 hits, 0 errors, 2 left on base; State College 4 - Montgomery 0 |
TOP OF THE 9TH |
State College Spikes batting - Pitching for Montgomery Grey Sox : LHP Alberto Macías
|
Batting: LHB Javier Morales
|
0-0: Called Strike 0-1: Ball 1-1: Called Strike 1-2: Ball 2-2: Fly out, F6 (Line Drive, 6)
|
Batting: RHB Daniel Martínez
|
0-0: Ball 1-0: Ball 2-0: Ball 3-0: Base on Balls
|
Batting: RHB Jorge Molina
|
0-0: Ball 1-0: Called Strike 1-1: SINGLE (Groundball, 34D) Daniel Martínez to second Runner from 2nd tries for 3rd, SAFE, throw made to third
|
Batting: RHB Héctor Villarreal
|
0-0: Grounds into double play, 6-4-3 (Groundball, 6)
|
Top of the 9th over - 0 runs, 1 hit, 0 errors, 1 left on base; State College 4 - Montgomery 0 |
BOTTOM OF THE 9TH |
Montgomery Grey Sox batting - Pitching for State College Spikes : LHP Joe Jewell
|
Batting: RHB António Nevárez
|
0-0: Called Strike 0-1: Foul Ball, location: 2F 0-2: Ball 1-2: Ball 2-2: SINGLE (Line Drive, 56D)
|
Batting: RHB Joe LaFontaine
|
0-0: Swinging Strike 0-1: Ball 1-1: Called Strike 1-2: Fly out, F8 (Flyball, 8LS)
|
Batting: RHB Arturo Camacho
|
0-0: Fielders Choice at 2nd, 6-4 (Groundball, 6)
|
Batting: RHB Norman Hopkins
|
0-0: Ball 1-0: Foul Ball, location: 2F 1-1: Ball 2-1: Ball 3-1: Fly out, F8 (Flyball, 89D)
|
Bottom of the 9th over - 0 runs, 1 hit, 0 errors, 1 left on base; State College 4 - Montgomery 0 |
|